 Dungeon Crawl Stone Soup version 0.20.1-1-g8b1a95d (webtiles) character file.

917 KINGKRU the Slasher (level 8, 0/68 HPs)
             Began as a Hill Orc Fighter on Nov 2, 2017.
             Was an Initiate of Gozag.
             Succumbed to a killer bee's poison
             ... on level 8 of the Dungeon on Nov 3, 2017.
             The game lasted 00:26:44 (4250 turns).

KINGKRU the Slasher (Hill Orc Fighter)              Turns: 4250, Time: 00:26:44

Health: 0/68       AC:  7    Str: 21    XL:     8   Next: 9%
Magic:  8/8        EV:  8    Int:  6    God:    Gozag
Gold:   435        SH: 10    Dex: 10    Spells: 7/7 levels left

rFire    . . .     SeeInvis .   a - +1 long sword
rCold    . . .     Gourm    .   c - +0 shield
rNeg     . . .     Faith    .   b - +0 scale mail
rPois    .         Spirit   .   (no helmet)
rElec    .         Reflect  .   (no cloak)
rCorr    .         Harm     .   (no gloves)
MR       +....     Clarity  +   (no boots)
Stlth    ..........             j - amulet of regeneration
Regen    0.7/turn               (no ring)
MPRegen  0.2/turn               (no ring)

@: lethally poisoned (0 -> -10), gold aura, flying, very slightly contaminated,
hasted, invisible, very quick
A: clarity, dopey 1, magic resistance 1
a: Potion Petition, Call Merchant, Bribe Branch, Renounce Religion


You were on level 8 of the Dungeon.
You worshipped Gozag.
Gozag was aware of your devotion.
You were full.

You visited 1 branch of the dungeon, and saw 6 of its levels.

You collected 590 gold pieces.
You spent 125 gold pieces at shops.
You paid 30 gold pieces to Gozag.

Inventory:

Hand Weapons
 a - a +1 long sword (weapon)
Armour
 b - a +0 scale mail (worn)
 c - a +0 shield (worn)
 i - a +0 helmet
Jewellery
 j - an amulet of regeneration (around neck)
 p - a cursed ring of loudness
 y - an uncursed ring of protection from magic {unknown}
Wands
 d - a wand of paralysis (14/24)
 t - a wand of iceblast (1/15)
 w - a wand of disintegration (9/24)
 x - a wand of clouds (2/9)
Scrolls
 m - 5 scrolls of remove curse
 q - a scroll of enchant armour {unknown}
 r - a scroll of noise {unknown}
 s - 5 scrolls of identify
Comestibles
 f - 5 bread rations
 k - 5 meat rations
 u - a royal jelly
 v - a fruit


   Skills:
 + Level 5.1 Fighting
 + Level 6.4 Long Blades
 + Level 5.7 Armour
 + Level 1.7 Dodging
 + Level 0.3 Stealth
 + Level 5.3 Shields


You had 7 spell levels left.
You didn't know any spells.

Dungeon Overview and Level Annotations

Branches:
Dungeon (5/15)
 Temple: D:4-7

Altars:
Elyvilon
Gozag

Shops:
D:4 %   D:5 !

Annotations:
D:5 1 runed door


Innate Abilities, Weirdness & Mutations

You possess an exceptional clarity of mind.
You are dopey. (Int -2)
You are resistant to hostile enchantments. (MR+)


Message History

You block the killer bee's attack.
It was a potion of invisibility.
You fade into invisibility!
You feel sick.
The killer bee is no longer distracted by gold.
You block the killer bee's attack. The killer bee completely misses you.
You are very lightly contaminated with residual magic.
It was a potion of haste.
You feel yourself speed up.
You feel sick.
The killer bee buzzes angrily.
The killer bee stings you!
* * * LOW HITPOINT WARNING * * *
You are more poisoned.
The killer bee poisons you!
It was a potion of mutation.
You feel extremely strange.
Your thoughts seem clearer.
You feel stupid.
You feel resistant to hostile enchantments.
* * * LOW HITPOINT WARNING * * *
You feel sick. You block the killer bee's attack.
You die...
Your body crumbles into a pile of gold.

#. #.###### #......#
#......# #.....#
###.....#########...
.....................
####+###.####.####..
#.........##@#
#.........##.#
#.....)...##y# $
#.........##y#
#.........##y#
#.........##y#
####.##.####.# #. #.#
... #. .# ...


You could see 4 killer bees.

Vanquished Creatures
  Psyche (D:8)
  Purgy (D:3)
  An ogre (D:4)
  A scorpion (D:5)
  2 killer bees (D:8)
  An orc wizard (D:3)
  An orc priest (D:3)
  Ijyb (D:4)
  A worker ant (D:4)
  A worker ant zombie (D:3)
  3 adders
  A gnoll (D:1)
  2 oozes
  2 worms
  4 dart slugs
  A leopard gecko (D:1)
  13 orcs (D:3)
  5 giant cockroaches
  8 goblins
  4 hobgoblins
  14 jackals
  7 kobolds
  A quokka (D:2)
  11 bats
  7 frilled lizards
  7 rats
101 creatures vanquished.

Notes
Turn   | Place    | Note
-------+----------+-------------------------------------------
     0 | D:1      | KINGKRU the Hill Orc Fighter began the quest for the Orb.
     0 | D:1      | Reached XP level 1. HP: 19/19 MP: 1/1
   100 | D:1      | Reached XP level 2. HP: 23/27 MP: 2/2
   380 | D:1      | Reached XP level 3. HP: 32/33 MP: 3/3
   789 | D:1      | Reached skill level 3 in Long Blades
  1109 | D:2      | Reached XP level 4. HP: 40/40 MP: 4/4
  1172 | D:2      | Reached skill level 1 in Dodging
  1224 | D:2      | Found an opulent altar of Gozag.
  1249 | D:2      | Became a worshipper of Gozag Ym Sagoz the Greedy
  1721 | D:3      | Reached XP level 5. HP: 30/46 MP: 5/5
  1917 | D:3      | Noticed Purgy
  1941 | D:3      | Killed Purgy
  1941 | D:3      | Reached skill level 4 in Long Blades
  1941 | D:3      | Reached XP level 6. HP: 5/53 MP: 6/6
  3268 | D:4      | Found Vago's Food Shoppe.
  3286 | D:4      | Bought a meat ration for 70 gold pieces
  3511 | D:4      | Reached skill level 5 in Long Blades
  3511 | D:4      | Reached XP level 7. HP: 31/60 MP: 7/7
  3897 | D:4      | Noticed Ijyb
  3900 | D:4      | Paralysed by Ijyb for 7 turns
  3909 | D:4      | Killed Ijyb
  3999 | D:5      | Entered Level 5 of the Dungeon
  3999 | D:5      | Noticed an angel
  4000 | D:5      | Found a white marble altar of Elyvilon.
  4001 | D:5      | Found a runed door.
  4059 | D:5      | Found Ucwumid's Distillery.
  4068 | D:5      | Bought a potion of heal wounds for 55 gold pieces
  4116 | D:5      | You fall through a shaft for 3 floors!
  4116 | D:8      | Noticed Psyche
  4124 | D:8      | Killed Psyche
  4124 | D:8      | Reached skill level 5 in Fighting
  4124 | D:8      | Reached skill level 6 in Long Blades
  4124 | D:8      | Reached skill level 5 in Armour
  4124 | D:8      | Reached skill level 5 in Shields
  4220 | D:8      | Reached XP level 8. HP: 13/68 MP: 8/8
  4248 | D:8      | HP: 3/68 [killer bee (8)]
  4249 | D:8      | Gained mutation: You possess an exceptional clarity of mind. [potion of mutation]
  4249 | D:8      | Gained mutation: You are dopey. (Int -2) [potion of mutation]
  4249 | D:8      | Gained mutation: You are resistant to hostile enchantments. (MR+) [potion of mutation]
  4250 | D:8      | Succumbed to a killer bee's poison

Skill      XL: |  1  2  3  4  5  6  7 |
---------------+----------------------+-----
Long Blades    | 3 4 5 6 |  6.4
Fighting       | 4 5 |  5.1
Dodging        | 1 |  1.7
Armour         | 4 5 |  5.7
Shields        | 4 5 |  5.3
Stealth        | |  0.3

Action                   |  1- 3 |  4- 6 |  7- 9 || total
-------------------------+-------+-------+-------++-------
Melee: Long sword        |   120 |   221 |    64 ||   405
  Use: Scroll            |     2 |     3 |       ||     5
       Potion            |       |     3 |     9 ||    12
  Eat: Chunk             |     1 |       |       ||     1
       Fruit             |       |     2 |       ||     2
       Royal jelly       |       |     2 |       ||     2
       Bread ration      |       |     2 |       ||     2
Armor: Scale mail        |    80 |    92 |    20 ||   192
Dodge: Dodged            |    39 |    86 |    32 ||   157
Block: Shield            |    89 |   123 |    47 ||   259
       Rpst.: Long sword |    14 |    25 |    11 ||    50
